 Dungeon Crawl Stone Soup version 0.29-a0-369-gd956c00756 (webtiles) character file.

Game seed: 8872668254516441740

45 OTABOTABOTAB the Magician (level 3, -1/20 HPs)
             Began as a Deep Elf Transmuter on May 1, 2022.
             Slain by a kobold
             ... wielding a +0 short sword
              (2 damage)
             ... on level 2 of the Dungeon.
             The game lasted 00:03:54 (1559 turns).

OTABOTABOTAB the Magician (Deep Elf Transmuter)     Turns: 1559, Time: 00:03:55

Health: -1/20      AC:  3    Str:  9    XL:     3   Next: 42%
Magic:  10/10      EV: 12    Int: 17    God:
Gold:   77         SH:  0    Dex: 15    Spells: 5/9 levels left

rFire   . . .      SeeInvis .     - Unarmed
rCold   . . .      Faith    .   (no shield)
rNeg    . . .      Spirit   .   d - +0 robe
rPois   .          Reflect  .   (no helmet)
rElec   .          Harm     .   (no cloak)
rCorr   .          Rampage  .   (no gloves)
Will    .....                   f - +0 pair of boots
Stlth   +.........              (no amulet)
HPRegen 0.06/turn               (no ring)
MPRegen 0.12/turn               (no ring)

@: no status effects
A: no striking features
a: no special abilities


You were on level 2 of the Dungeon.
You visited 1 branch of the dungeon, and saw 2 of its levels.

You collected 77 gold pieces.

Inventory:

Hand Weapons
 a - a +0 hunting sling
   (You found it on level 1 of the Dungeon)
 e - a +0 dagger
   (You took it off a goblin on level 2 of the Dungeon)
 p - a +0 hunting sling
   (You found it on level 2 of the Dungeon)
Missiles
 b - 2 boomerangs
 s - 29 stones
Armour
 d - a +0 robe (worn)
 f - a +0 pair of boots (worn)
   (You found it on level 1 of the Dungeon)
Scrolls
 h - 3 scrolls of acquirement {unknown}
 k - 2 scrolls of identify {unknown}
 m - a scroll of magic mapping {unknown}
 n - a scroll of teleportation {unknown}
Potions
 c - a potion of might {unknown}
 g - a potion of resistance {unknown}
 P - 2 potions of lignification {!q}


   Skills:
 - Level 0.7 Fighting
 - Level 2.4 Dodging
 * Level 3.0 Unarmed Combat
 + Level 3.8 Spellcasting
 + Level 2.9 Transmutations
 + Level 0.2 Poison Magic


You had 5 spell levels left.
You knew the following spells:

 Your Spells              Type           Power      Damage    Failure   Level
a - Beastly Appendage     Tmut           26%        N/A       4%          1
c - Spider Form           Tmut/Pois      8%         N/A       26%         3

Your spell library contained the following spells:

 Spells                   Type           Power      Damage    Failure   Level
 Wereblood                Tmut           13%        N/A       8%          2
 Call Canine Familiar     Summ           3%         N/A       43%         3
 Confusing Touch          Hex            3%         N/A       43%         3
 Portal Projectile        Hex/Tloc       6%         N/A       43%         3
 Ice Form                 Ice/Tmut       8%         N/A       65%         4
 Leda's Liquefaction      Hex/Erth       1%         N/A       85%         4
 Yara's Violent Unravell  Hex/Tmut       4%         3d4       94%         5
 Enfeeble                 Hex            1%         N/A       100%        7


Dungeon Overview and Level Annotations

Branches:
Dungeon (2/15)

Altars:


Message History

You miss the adder. Your kick misses the adder.
You feel sick. The adder closely misses you. The adder barely misses you.
You take 1 damage, and have 12/20 hp.
Unknown command.
You barely miss the adder. Your kick misses the adder.
Your headbutt misses the adder.
You feel sick. The adder closely misses you.
Unknown command.
You hit the adder.
You feel sick.
You are no longer poisoned.
The adder closely misses you.
You take 1 damage, and have 11/20 hp.
You hit the adder. You punch the adder.
You kill the adder!
Your Unarmed Combat skill increases to level 3!
Your transformation is almost over.
Your horns disappear.
Your talons disappear.
Your +0 pair of boots unmelds from your body.
An endoplasm comes into view.
You regained 2 hp, and now have 13/20 hp.
An endoplasm is nearby!
The endoplasm quivers.
You grow a pair of large bovine horns.
Your feet morph into talons.
Your +0 pair of boots melds into your body.
You now have 9/10 mp.
You hit the endoplasm.
You claw the endoplasm, but do no damage.
You headbutt the endoplasm.
You kill the endoplasm!
Your horns disappear.
Your talons disappear.
Your +0 pair of boots unmelds from your body.
g - a sedimented orange potion Health restored: 20; MP restored: 10
h - 3 scrolls labelled JIYWNI ARCHO A hobgoblin comes into view.
The hobgoblin shouts!
You grow a pair of large bovine horns.
Your feet morph into talons.
Your +0 pair of boots melds into your body.
You now have 9/10 mp.
An adder comes into view.
You barely miss the hobgoblin. You claw the hobgoblin.
The hobgoblin misses you.
A kobold comes into view. It is wielding a +0 short sword.
The kobold shouts!
You hit the hobgoblin.
You claw the hobgoblin, but do no damage.
The hobgoblin misses you.
You barely miss the hobgoblin. Your kick misses the hobgoblin.
The hobgoblin hits you.
You take 1 damage, and have 19/20 hp.
You hit the hobgoblin. Your headbutt misses the hobgoblin.
The hobgoblin barely misses you.
MP restored: 10 You hit the hobgoblin.
You kill the hobgoblin!
You barely miss the adder. The adder bites you.
You take 1 damage, and have 18/20 hp.
You hit the adder but do no damage. The adder closely misses you.
The adder misses you.
You hit the adder. Your kick misses the adder.
Your transformation is almost over.
The adder misses you.
You miss the adder. The kobold hits you but does no damage.
The adder misses you.
You barely miss the adder. You claw the adder.
The kobold hits you with a +0 short sword.
The adder barely misses you.
You take 4 damage, and have 15/20 hp.
You closely miss the adder. Your kick misses the adder. The adder bites you.
You are poisoned.
The adder poisons you! The kobold barely misses you.
You take 3 damage, and have 12/20 hp.
You hit the adder.
You feel sick. The adder bites you.
The kobold hits you with a +0 short sword.
* * * LOW HITPOINT WARNING * * *
The adder closely misses you.
You take 6 damage, and have 6/20 hp.
MASSIVE DAMAGE!!
You hit the adder but do no damage. Your headbutt misses the adder.
You feel sick.
The kobold hits you with a +0 short sword.
* * * LOW HITPOINT WARNING * * *
The adder closely misses you.
You take 2 damage, and have 4/20 hp.
You hit the adder but do no damage. Your headbutt misses the adder.
You feel sick. The adder completely misses you.
The kobold hits you with a +0 short sword.
* * * LOW HITPOINT WARNING * * *
You take 2 damage, and have 2/20 hp.
You miss the adder. Your kick misses the adder. Your punch misses the adder.
* * * LOW HITPOINT WARNING * * *
You feel sick.
You are no longer poisoned.
The adder closely misses you. The kobold misses you.
You take 1 damage, and have 1/20 hp.
You hit the adder but do no damage. Your headbutt misses the adder.
Your horns disappear.
Your talons disappear.
Your +0 pair of boots unmelds from your body.
The adder barely misses you.
The kobold hits you with a +0 short sword.
You die...

#####....#.##......##.#
#.....##.#....#.##..
#.....#.#.#..#.#.#....
#......#.##..##.#.....#
#.......##....##......#
#.......#......#......#
#...... #......# ....
#..... ##....## .. ...
##.@## #KS# #....
#...... ....^....
..........$
.............
..............


You could see an adder and a kobold.

Vanquished Creatures
  An adder (D:2)
  A dart slug (D:2)
  A ball python (D:1)
  3 bats (D:1)
  5 endoplasms
  7 hobgoblins
  2 jackals (D:2)
  3 kobolds (D:1)
  A frilled lizard (D:2)
  A goblin (D:2)
  5 rats
30 creatures vanquished.

Notes
Turn   | Place    | Note
-------+----------+-------------------------------------------
     0 | D:1      | OTABOTABOTAB the Deep Elf Transmuter began the quest for
                  | the Orb.
     0 | D:1      | Reached XP level 1. HP: 11/11 MP: 6/6
   302 | D:1      | Found a faded altar of an unknown god.
   361 | D:1      | Reached XP level 2. HP: 15/16 MP: 6/8
  1164 | D:2      | Reached XP level 3. HP: 20/20 MP: 8/10
  1175 | D:2      | Learned a level 3 spell: Spider Form
  1370 | D:2      | Reached skill level 3 in Unarmed Combat
  1556 | D:2      | HP: 5/20 [poisoned by an adder]
  1557 | D:2      | HP: 2/20 [kobold/+0 short sword (1)]
  1559 | D:2      | Slain by a kobold

Illustrated notes

Levels and vault maps discovered:
D:1:      ncdulo_lavacross, layout_basic, basic_ecumenical_altar, fountainhead
D:2:      layout_basic, minmay_misc_feat_secret_circle,
          ebering_dispersal_statue_hall

Skill      XL: |  1  2  3 |
---------------+----------+-----
Unarmed Combat | 3 |  3.0
Fighting       | |  0.7
Dodging        | |  2.4
Spellcasting   | |  3.8
Transmutations | |  2.9
Poison Magic   | |  0.2

Action                   || total
-------------------------++-------
Melee: Unarmed           ||    95
       Kick              ||    19
       Headbutt          ||    18
       Punch             ||     1
 Cast: Beastly Appendage ||    20
 Abil: End Transformatio ||     9
Armor: Robe              ||    13
Dodge: Dodged            ||    62

Table legend: (Time is in decaauts)
 A = Elapsed time spent in this place.
 B = Non-inter-level travel time spent in this place.
 C = Inter-level travel time spent in this place.
 D = Time resting spent in this place.
 E = Time spent auto-exploring this place.
 F = Levels seen in this place.
 G = Mean time per level.
                   A        B        C        D        E       F      G
               +--------+--------+--------+--------+--------+-----+--------+
         Total |   1552 |   1549 |      3 |     29 |   1251 |   2 |  776.0 |
       Dungeon |   1552 |   1549 |      3 |     29 |   1251 |   2 |  776.0 |
               +--------+--------+--------+--------+--------+-----+--------+

Top non-repeatable levels by time:
     D:1: 900 daAuts
     D:2: 652 daAuts

Table legend:
 A = Kills in this place as a percentage of kills in entire the game.
 B = Kills by you in this place as a percentage of kills by you in the entire game.
 C = Kills by friends in this place as a percentage of kills by friends in the entire game.
 D = Other kills in this place as a percentage of other kills in the entire game.
 E = Experience gained in this place as a percentage of experience gained in the entire game.
 F = Experience gained in this place divided by the number of levels of this place that you have seen.
                   A       B       C       D       E      F
               +-------+-------+-------+-------+-------+----------------------
         Total | 100.0 | 100.0 |   N/A |   N/A | 100.0 |  32.5
       Dungeon | 100.0 | 100.0 |   N/A |   N/A | 100.0 |  32.5
               +-------+-------+-------+-------+-------+----------------------
